 Dungeon Crawl Stone Soup version 0.28.0-45-g0d030f2227 (webtiles) character file.

Game seed: 15840065313391228728

28 protoss039 the Digger (level 2, 0/21 HPs)
             Began as a Demonspawn Earth Elementalist on May 28, 2022.
             Slain by a jackal (1 damage)
             ... on level 1 of the Dungeon.
             The game lasted 00:01:11 (716 turns).

protoss039 the Digger (DsEE)                         Turns: 716, Time: 00:01:12

Health: 0/21       AC:  2    Str:  8    XL:     2   Next: 96%
Magic:  0/5        EV: 12    Int: 18    God:
Gold:   13         SH:  0    Dex: 13    Spells: 4/5 levels left

rFire   . . .      SeeInvis .   a - +1 mace (vorpal)
rCold   . . .      Faith    .   (no shield)
rNeg    . . .      Spirit   .   b - +0 robe
rPois   .          Reflect  .   (no helmet)
rElec   .          Harm     .   (no cloak)
rCorr   .          Rampage  .   (no gloves)
Will    .....                   (no boots)
Stlth   ++........              (no amulet)
HPRegen 0.07/turn               h - ring of wizardry
MPRegen 0.09/turn               (no ring)

@: no status effects
A: big brain 1
a: no special abilities


You were on level 1 of the Dungeon.
You visited 1 branch of the dungeon, and saw 1 of its levels.

You collected 13 gold pieces.

Inventory:

Hand Weapons
 a - a +1 vorpal mace (weapon)
Missiles
 c - 47 stones
Armour
 b - a +0 robe (worn)
Jewellery
 h - a ring of wizardry (left hand)
Scrolls
 k - a scroll of identify {unknown}
Potions
 d - a potion of curing {unknown}
 e - a potion of haste {unknown}
 f - a potion of resistance {unknown}
 g - a potion of lignification {unknown}
 i - a potion of mutation {unknown}
 j - a potion of invisibility {unknown}


   Skills:
 * Level 1.5 Fighting
 + Level 0.8 Armour
 - Level 1.7 Dodging
 - Level 1.7 Stealth
 + Level 2.2 Spellcasting
 - Level 1.0 Transmutations
 + Level 2.9 Earth Magic


You had 4 spell levels left.
You knew the following spells:

 Your Spells              Type           Power      Damage    Failure   Level
a - Sandblast             Erth           24%        2d8       2%          1

Your spell library contained the following spells:

 Spells                   Type           Power      Damage    Failure   Level
 Passwall                 Tmut/Erth      7%         N/A       4%          2
 Summon Small Mammal      Summ           8%         N/A       8%          1
 Stone Arrow              Conj/Erth      14%        3d7       12%         3
 Call Canine Familiar     Summ           2%         N/A       21%         3
 Summon Guardian Golem    Hex/Summ       2%         N/A       21%         3
 Petrify                  Tmut/Erth      9%         N/A       30%         4


Dungeon Overview and Level Annotations

Branches:
Dungeon (1/15)

Altars:


Innate Abilities, Weirdness & Mutations

You have an unusually large brain. (Int +2)


Message History

Unknown command.
You hit the jackal.
The jackal is almost dead.
The jackal bites you but does no damage.
The jackal bites you.
Unknown command.
You hit the jackal but do no damage.
The jackal is almost dead.
The jackal bites you but does no damage.
The jackal closely misses you.
Unknown command.
You closely miss the jackal.
The jackal is almost dead.
The jackal bites you.
* * * LOW HITPOINT WARNING * * *
The jackal closely misses you.
Unknown command.
You barely miss the jackal.
The jackal is almost dead.
The jackal bites you.
* * * LOW HITPOINT WARNING * * *
The jackal bites you.
* * * LOW HITPOINT WARNING * * *
Unknown command.
Casting: Sandblast (safe; 2% risk of failure)
Confirm with . or Enter, or press ? or * to list all spells.
Aiming: Sandblast (safe; 2% risk of failure)
Press: ? - help, Shift-Dir - straight line, f/p - jackal
Aim: a jackal (almost dead, 74% to hit)
The blast of sand misses the jackal.
The jackal barely misses you.
Unknown command.
Unknown command.
Okay, then.
The jackal misses you.
Okay, then.
You barely miss the jackal.
The jackal is almost dead.
The jackal bites you but does no damage.
The jackal bites you.
You die...

#..................
#.###.###..........
#.#)†...#..#.....#.
#.##..)##..#.#...#.
#.#.....#......####
#.#######.#.#...
#...........#....
#.###..##...###..
#.@h†.......#.....
########....# .[#.#
....# #...
....J..#...
.l.....###.
#......#...
......#...
....J.#### #


You could see a jackal.

Vanquished Creatures
  A dart slug (D:1)
  4 bats (D:1)
  An endoplasm (D:1)
  2 goblins (D:1)
  2 hobgoblins (D:1)
  3 jackals (D:1)
  A kobold (D:1)
  2 quokkas (D:1)
  A ball python (D:1)
  2 frilled lizards (D:1)
  6 rats (D:1)
25 creatures vanquished.

Notes
Turn   | Place    | Note
-------+----------+-------------------------------------------
     0 | D:1      | protoss039 the Demonspawn Earth Elementalist began the
                  | quest for the Orb.
     0 | D:1      | Reached XP level 1. HP: 13/13 MP: 3/3
    19 | D:1      | Reached skill level 1 in Transmutations
   147 | D:1      | Gained mutation: You have an unusually large brain. (Int
                  | +2) [demonic ancestry]
   147 | D:1      | Reached XP level 2. HP: 12/20 MP: 0/5
   272 | D:1      | Found a faded altar of an unknown god.
   313 | D:1      | Reached skill level 1 in Fighting
   713 | D:1      | HP: 1/21 [jackal (1)]
   716 | D:1      | Slain by a jackal

Illustrated notes

Levels and vault maps discovered:
D:1:      dpeg_arrival_arbitrary_b, layout_rooms,
          shapermc_ecumenical_altar_mp_urbaneastern, hangedman_decor_push,
          minmay_split_cup_large

Skill      XL: |  1  2 |
---------------+-------+-----
Transmutations | 1 |  1.0
Fighting       | 1 |  1.5
Armour         | |  0.8
Dodging        | |  1.7
Stealth        | |  1.7
Spellcasting   | |  2.2
Earth Magic    | |  2.9

Action                   || total
-------------------------++-------
Melee: Unarmed           ||    13
       Mace              ||    28
 Cast: Sandblast         ||    19
 Stab: Distracted        ||     1
Armor: Robe              ||    11
Dodge: Dodged            ||    31
